 Dungeon Crawl Stone Soup version 0.30-a0-738-g116ff8c4af (webtiles) character file.

Game seed: 15984045843898972306

62 NinjaNoafa the Shooter (level 3, -12/18 HPs)
             Began as a Spriggan Hunter on Feb 3, 2023.
             Killed from afar by Sigmund (13 damage)
             ... with a puff of flame
             ... on level 3 of the Dungeon.
             The game lasted 00:01:55 (1852 turns).

NinjaNoafa the Shooter (Spriggan Hunter)            Turns: 1852, Time: 00:01:56

Health: -12/18     AC:  2    Str:  7    XL:     3   Next: 85%
Magic:  4/4        EV: 19    Int: 12    God:
Gold:   79         SH:  0    Dex: 18    Spells: 2/2 levels left

rFire   . . .      SeeInvis +    a - +0 shortbow
rCold   . . .      Faith    .    (shield currently unavailable)
rNeg    . . .      Spirit   .    c - +0 robe
rPois   .          Reflect  .    (helmet restricted)
rElec   .          Harm     .    (no cloak)
rCorr   .          Rampage  .    (gloves unavailable)
Will    .....                    (boots unavailable)
Stlth   ++                       (no amulet)
HPRegen 0.23/turn                (no ring)
MPRegen 0.09/turn                (no ring)

@: very quick
A: very small, no large weapons, unfitting armour, see invisible, speed 3
a: no special abilities


You were on level 3 of the Dungeon.
You visited 1 branch of the dungeon, and saw 3 of its levels.

You collected 79 gold pieces.

Inventory:

Hand Weapons
 a - a +0 shortbow (weapon)
Missiles
 h - 3 poisoned darts
Armour
 c - a +0 robe (worn)
Scrolls
 b - a scroll of immolation
 d - a scroll of vulnerability {unknown}
 f - a scroll of noise {unknown}
 j - a scroll of fog {unknown}
 k - a scroll of fear {unknown}
 m - a scroll of teleportation {unknown}
 p - a scroll of identify {unknown}
Potions
 e - a potion of degeneration {unknown}
 g - 2 potions of attraction {unknown}
 i - a potion of cancellation {unknown}
 l - 2 potions of mutation {unknown}
 n - a potion of brilliance {unknown}
 o - a potion of heal wounds {unknown}


   Skills:
 - Level 1.5 Fighting
 + Level 4.8 Ranged Weapons
 + Level 4.4 Dodging
 - Level 1.5 Stealth


You had 2 spell levels left.
You didn't know any spells.
Your spell library contained the following spells:

 Spells                   Type           Power      Damage    Failure   Level
 Ensorcelled Hibernation  Hex/Ice        0%         N/A       45%         2
 Scorch                   Fire           0%         2d5       45%         2
 Frozen Ramparts          Ice            0%         1d1       69%         3
 Spider Form              Tmut/Pois      0%         N/A       69%         3
 Anguish                  Hex/Necr       0%         N/A       97%         4
 Flame Wave               Conj/Fire      0%         2d4       97%         4
 Ice Form                 Ice/Tmut       0%         N/A       97%         4
 Summon Ice Beast         Ice/Summ       0%         N/A       97%         4
 Summon Forest            Summ/Tloc      0%         N/A       100%        5
 Summon Mana Viper        Hex/Summ       0%         N/A       100%        5
 Summon Cactus Giant      Summ           0%         N/A       100%        6


Dungeon Overview and Level Annotations

Branches:
Dungeon (3/15)

Altars:

Shops:
D:3 *([

Annotations:
D:3 Sigmund


Innate Abilities, Weirdness & Mutations

You are very small and have problems with some larger weapons.
You are too small for most types of armour.
You have supernaturally acute eyesight. (SInv)
You cover ground extremely quickly. (Speed+++)


Message History

You kill the goblin!
No target in view!
No target in view!
No target in view!
There is an entrance to Fogg's Weapon Boutique here.
Found a stone staircase leading down.
A bat comes into view.
The bat moves out of view.
There is an entrance to Jemy's Assorted Antiques here.
You can access your shopping list by pressing '$'.
Found a stone staircase leading down.
Key pressed, stopping explore.
You now have 79 gold pieces (gained 11).
An endoplasm comes into view.
Found a sling.
You shoot an arrow. The arrow hits the endoplasm.
The endoplasm quivers.
The endoplasm is lightly wounded.
You hear a shout!
No target in view!
No target in view!
Sigmund the Dreaded comes into view.
He is wielding a +0 scythe.
You shoot an arrow. The arrow hits Sigmund.
Sigmund is lightly wounded.
Sigmund gestures at you while chanting. The puff of flame hits you!
Sigmund is nearby!
You shoot an arrow. The arrow hits Sigmund!
Sigmund is heavily wounded.
Sigmund completely misses you.
You shoot an arrow. The arrow barely misses Sigmund.
Sigmund hits you from afar with a +0 scythe!
Ouch! That really hurt!
* * * LOW HITPOINT WARNING * * *
Sigmund casts a spell.
Sigmund flickers and vanishes for a moment.
Sigmund casts a spell at you. The puff of flame hits you!
Ouch! That really hurt!
You die...

..............###..#
..........8.<.∩.8..#######
.........................##
..........................##
...........................#
........†...∩...........#
.#+#.###.....>.........# .≈.
#...............# .≈
###....@..........#
+..#.............##
#.........#.....##
##..#...######### ##..##.#
##. #.# .. J.@ .......?
..).......


You could see Sigmund (invisible) and an endoplasm.

Vanquished Creatures
  2 worms (D:2)
  2 dart slugs
  9 endoplasms
  A giant cockroach (D:1)
  4 hobgoblins
  2 quokkas
  7 ball pythons
  7 bats
  2 frilled lizards (D:2)
  4 goblins
  3 kobolds
  4 rats
47 creatures vanquished.

Notes
Turn   | Place    | Note
-------+----------+-------------------------------------------
     0 | D:1      | NinjaNoafa the Spriggan Hunter began the quest for the Orb.
     0 | D:1      | Reached XP level 1. HP: 10/10 MP: 2/2
    84 | D:1      | Reached XP level 2. HP: 14/14 MP: 3/3
   389 | D:1      | Found a faded altar of an unknown god.
   647 | D:1      | Reached XP level 3. HP: 14/18 MP: 4/4
  1765 | D:3      | Found Bamoen's Antique Armour Emporium.
  1765 | D:3      | Found Fogg's Weapon Boutique.
  1770 | D:3      | Found Jemy's Assorted Antiques.
  1845 | D:3      | Noticed Sigmund
  1852 | D:3      | Killed from afar by Sigmund

Illustrated notes

Levels and vault maps discovered:
D:1:      erik_arrival_cave_to_civilisation [erik_arrival_cave_to_hall],
          layout_basic, ebering_ecumenical_altar_petrified,
          serial_co_window_serial, co_window_cross_1, co_window_corner_a,
          co_window_paths_b, co_window_corner_a, co_window_corner_a,
          co_window_of_opportunity_b, co_window_broadway_c, glass_columns_a,
          glass_columns_a, glass_columns_a, glass_columns_a, glass_columns_a,
          st_stairs_6, lemuel_flame_loot_1
D:2:      layout_loops_ring
D:3:      minmay_general_purpose_star, layout_rooms,
          nicolae_qazlal_style_of_elements, serial_shops, shop,
          nicolae_shop_hallway_plus, nicolae_shop_hallway_stairs, shop_statue,
          shop, dreamdust_mushroom_princess, interstate_on_off, uniq_ijyb,
          uniq_sigmund

Skill      XL: |  1  2  3 |
---------------+----------+-----
Dodging        | 3 4 |  4.4
Fighting       | |  1.5
Ranged Weapons | |  4.8
Stealth        | |  1.5

Action                     || total
---------------------------++-------
   Fire: Shortbow          ||   101
 Armour: Robe              ||     1
  Dodge: Dodged            ||    27

Table legend: (Time is in decaauts)
 A = Elapsed time spent in this place.
 B = Non-inter-level travel time spent in this place.
 C = Inter-level travel time spent in this place.
 D = Time resting spent in this place.
 E = Time spent auto-exploring this place.
 F = Levels seen in this place.
 G = Mean time per level.
                   A        B        C        D        E       F      G
               +--------+--------+--------+--------+--------+-----+--------+
         Total |   1207 |   1144 |     63 |      0 |    933 |   3 |  402.3 |
       Dungeon |   1207 |   1144 |     63 |      0 |    933 |   3 |  402.3 |
               +--------+--------+--------+--------+--------+-----+--------+

Top non-repeatable levels by time:
     D:1: 666 daAuts
     D:2: 484 daAuts
     D:3: 57 daAuts
